 Dungeon Sprint DCSS version 0.21.1-1-g345015f (webtiles) character file.

9954 equalderp2856 the Severer (level 11, 0/113 HPs)
             Began as a Minotaur Fighter on May 24, 2018.
             Was an Initiate of Gozag.
             Slain by an unseen horror (9 damage)
             ... in the Dungeon (Sprint I: "Red Sonja").
             The game lasted 00:08:35 (3492 turns).

equalderp2856 the Severer (Minotaur Fighter)        Turns: 3492, Time: 00:08:35

Health: 0/113      AC: 10    Str: 22    XL:     11   Next: 29%
Magic:  0/10       EV: 13    Int:  6    God:    Gozag
Gold:   1937       SH: 14    Dex: 11    Spells: 10/10 levels left

rFire    + . .     SeeInvis .   a - +0 war axe
rCold    + . .     Gourm    .   c - +0 shield
rNeg     . . .     Faith    .   b - +0 scale mail
rPois    +         Spirit   .   (helmet restricted)
rElec    +         Reflect  .   (no cloak)
rCorr    +         Harm     .   (no gloves)
MR       .....     NoTele   +   (no boots)
Stlth    +.........             (no amulet)
HPRegen  0.28/turn              (no ring)
MPRegen  0.12/turn              (no ring)

@: resistant, flying, very slightly contaminated, bribing [the Dungeon]
A: retaliatory headbutt, horns 2
a: Potion Petition, Call Merchant, Bribe Branch, Renounce Religion


You were in the Dungeon.
You worshipped Gozag.
Gozag was most pleased with you.
You were very hungry.

You visited 1 branch You collected 4970 gold pieces.
You spent 33 gold pieces at shops.
You paid 3000 gold pieces to Gozag.

Inventory:

Hand Weapons
 a - a +0 war axe (weapon)
Armour
 b - a +0 scale mail (worn)
 c - a +0 shield (worn)
Jewellery
 n - the ring of Ezxeudos {Str+4 Int+2 Stlth+, unknown}
   (You found it in the Dungeon)

   [ring of stealth]

   It affects your strength (+4).
   It affects your intelligence (+2).
   It makes you more stealthy.
 s - an uncursed ring of positive energy {unknown}
Wands
 l - a wand of digging (16)
Scrolls
 e - a scroll of identify {unknown}
 j - 2 scrolls of magic mapping {unknown}
Potions
 d - a potion of might
 h - a potion of haste
 i - 2 potions of magic
 m - a potion of experience {unknown}
 q - a potion of mutation {unknown}
 r - a potion of curing
Books
 o - a Fen Folio

   Spells                             Type                      Level
   a - Corpse Rot                     Necromancy                   2
   b - Stone Arrow                    Conjuration/Earth            3
   c - Leda's Liquefaction            Hexes/Earth                  4
   d - Summon Forest                  Summoning/Translocation      5
   e - Hydra Form                     Transmutation                6
   f - Summon Hydra                   Summoning                    7
Miscellaneous
 p - a fan of gales
 t - a lightning rod (4/4)
Comestibles
 f - a ration


   Skills:
 + Level 15.5 Fighting
 + Level 17.1 Axes
 + Level 15.4 Armour
 + Level 6.4 Dodging
 + Level 3.2 Stealth
 + Level 15.3 Shields
 + Level 0.5 Evocations


You had 10 spell levels left.
You didn't know any spells.

Dungeon Overview and Level Annotations

Branches:
Dungeon (1/1)

Altars:
Cheibriados
Dithmenos
Elyvilon
Fedhas
Gozag
Hepliaklqana
Kikubaaqudgha
Makhleb
Nemelex Xobeh
Okawaru
Qazlal
Ru
Sif Muna
Trog
Uskayaw
Vehumet
Wu Jian
Xom
Yredelemnul
Zin
The Shining One
Jiyva
Lugonu

Shops:
D ([=([}[?=![=**[(


Innate Abilities, Weirdness & Mutations

You reflexively headbutt those who attack you in melee.
You have a pair of horns on your head.


Message History

You feel protected.
You feel very buoyant.
You fly up into the air.
You feel much better.
You feel better. Magic courses through your body. Something hits you.
You block something's attack. Something hits you. You block something's attack.
Something hits you! x2
* * * LOW HITPOINT WARNING * * *
You feel your power leaking away. Something hits you!
* * * LOW HITPOINT WARNING * * *
Something hits you but does no damage.
You miss something. Your headbutt misses something.
You hit something but do no damage. You slash something! x2
Something hits you but does no damage. Something completely misses you.
Something hits you but does no damage. Something hits you!
* * * LOW HITPOINT WARNING * * *
Unknown command.
You hit something. x2; You barely miss something.
You hit something. Something hits you!
You die...
Your body crumbles into a pile of gold. ..'.§#§#$ ##§§.###### $$$$$ ###).'§# #$###'#...## $$$$$ $$$ .##§####..$#y#§##...# $$$$

.#..§§.#..$###.§....#
$$$
.#^.§§.'..$$$##.#.#.#
'###§.§# #..###.#
.'.#.§§# #.##...#
##.#§.## #{{#+###
##.#§^# $$ ##.@.#
##.##'#$$ $ $###{#
##.##.#$$$$$$$$$ .#
§'.####$$$$$$$$$ .#
##.#


$$$$$$ +# $$$$$$$$ .#§# $$$ $$$$$$$ #§.# $ #### # $ There were no monsters in
sight!

Vanquished Creatures
  A hydra (D)
  2 centaur warriors (D)
  3 unseen horrors (D)
  A lindwurm (D)
  An oklob plant (D)
  A gargoyle (D)
  4 demonic crawlers (D)
  2 kobold demonologists (D)
  A hornet (D)
  A slime creature (D)
  2 redbacks (D)
  Sigmund (D)
  A yak (D)
  13 hogs (D)
  3 floating eyes (D)
  An ogre (D)
  7 necrophages (D)
  8 jellies (D)
  Ijyb (D)
54 creatures vanquished.

Vanquished Creatures (others)
  A daeva (D)
  Sonja (D)
  A gargoyle (D)
3 creatures vanquished.

Grand Total: 57 creatures vanquished

Notes
Turn   | Place    | Note
-------+----------+-------------------------------------------
     0 | D        | equalderp2856 the Minotaur Fighter began the quest for the Orb.
     0 | D        | Reached XP level 1. HP: 19/19 MP: 0/0
     1 | D        | Noticed Ijyb
    12 | D        | Killed Ijyb
    12 | D        | Reached skill level 5 in Fighting
    12 | D        | Reached skill level 3 in Axes
    12 | D        | Reached skill level 5 in Armour
    12 | D        | Reached skill level 5 in Shields
    12 | D        | Reached XP level 2. HP: 24/29 MP: 1/1
    65 | D        | Noticed an ogre
    69 | D        | Killed an ogre
    69 | D        | Reached skill level 4 in Axes
    69 | D        | Reached XP level 3. HP: 39/39 MP: 2/2
    69 | D        | Reached XP level 4. HP: 47/47 MP: 3/3
   186 | D        | Noticed Sigmund
   191 | D        | Killed Sigmund
   191 | D        | Reached skill level 6 in Axes
   191 | D        | Reached XP level 5. HP: 56/56 MP: 4/4
   221 | D        | Found an ornate altar of the Wu Jian Council.
   221 | D        | Found a deep blue altar of Sif Muna.
   223 | D        | Found a radiant altar of Vehumet.
   226 | D        | Reached XP level 6. HP: 48/63 MP: 5/5
   302 | D        | Found Egussabu's Antique Weapon Emporium.
   302 | D        | Found an ancient bone altar of Kikubaaqudgha.
   302 | D        | Found a hazy altar of Hepliaklqana.
   302 | D        | Found a stormy altar of Qazlal.
   302 | D        | Found a hide-covered altar of Uskayaw.
   302 | D        | Found a blossoming altar of Fedhas.
   302 | D        | Found a bloodstained altar of Trog.
   302 | D        | Found an iron altar of Okawaru.
   302 | D        | Found a basalt altar of Yredelemnul.
   302 | D        | Found a glowing golden altar of the Shining One.
   302 | D        | Found a snail-covered altar of Cheibriados.
   302 | D        | Found a sacrificial altar of Ru.
   302 | D        | Found a glowing silver altar of Zin.
   302 | D        | Found a shadowy altar of Dithmenos.
   302 | D        | Found a white marble altar of Elyvilon.
   302 | D        | Noticed a yak
   310 | D        | Killed a yak
   310 | D        | Reached skill level 10 in Fighting
   310 | D        | Reached skill level 7 in Axes
   311 | D        | Found an opulent altar of Gozag.
   312 | D        | Found a sparkling altar of Nemelex Xobeh.
   457 | D        | Became a worshipper of Gozag Ym Sagoz the Greedy
   488 | D        | Noticed a centaur warrior
   488 | D        | Noticed a centaur warrior
   501 | D        | Killed a centaur warrior
   501 | D        | Reached skill level 10 in Axes
   501 | D        | Reached skill level 1 in Dodging
   501 | D        | Reached skill level 10 in Shields
   501 | D        | Reached XP level 7. HP: 34/74 MP: 6/6
   501 | D        | Reached XP level 8. HP: 37/82 MP: 7/7
   502 | D        | Killed a centaur warrior
   502 | D        | Reached skill level 11 in Axes
   749 | D        | Noticed a hornet
   752 | D        | Paralysed by a hornet for 2 turns
   756 | D        | Killed a hornet
  1052 | D        | Noticed an oklob plant
  1271 | D        | Killed a gargoyle
  1285 | D        | Killed an oklob plant
  1285 | D        | Reached skill level 12 in Axes
  1285 | D        | Reached XP level 9. HP: 50/92 MP: 8/8
  1700 | D        | Killed an unseen horror
  1700 | D        | Reached skill level 13 in Axes
  1700 | D        | Reached skill level 1 in Stealth
  1718 | D        | Killed an unseen horror
  1718 | D        | Reached skill level 14 in Axes
  1929 | D        | Reached XP level 10. HP: 92/101 MP: 9/9
  2101 | D        | Got an ancient jade ring
  2107 | D        | Found Boxatalisch's Jewellery Shoppe.
  2107 | D        | Found Tuibanogh's Armour Shop.
  2107 | D        | Found Lexkeeb's Antique Weapon Boutique.
  2109 | D        | Found Gumadgho's Antique Armour Emporium.
  2109 | D        | Found Rizubeju's Gadget Shop.
  2109 | D        | Found Qixailup's Antique Armour Shoppe.
  2109 | D        | Found Ugill's Magic Scroll Boutique.
  2109 | D        | Found Tamiut's Jewellery Emporium.
  2109 | D        | Found Zaeps's Distillery.
  2109 | D        | Found Foefasti's Armour Shoppe.
  2110 | D        | Found Akhlem's Jewellery Boutique.
  2111 | D        | Found Doqejok's General Store.
  2111 | D        | Found Buubec's General Store.
  2112 | D        | Found Hiute's Weapon Emporium.
  2182 | D        | Found a burning altar of Makhleb.
  2182 | D        | Found a viscous altar of Jiyva.
  2182 | D        | Found a shimmering altar of Xom.
  2182 | D        | Found a corrupted altar of Lugonu.
  2217 | D        | Noticed a soul eater
  2218 | D        | Reached skill level 15 in Axes
  2293 | D        | Reached skill level 16 in Axes
  2710 | D        | Bought a potion of curing for 33 gold pieces
  2750 | D        | Noticed a deep troll
  2753 | D        | Noticed Sonja
  2754 | D        | Killed Sonja
  2784 | D        | Found Biozakuo's Armour Emporium.
  2847 | D        | Noticed a gargoyle
  2862 | D        | Killed a gargoyle
  3008 | D        | Noticed a lindwurm
  3012 | D        | Killed a lindwurm
  3012 | D        | Reached skill level 15 in Armour
  3012 | D        | Reached skill level 5 in Dodging
  3048 | D        | Reached XP level 11. HP: 91/108 MP: 10/10
  3070 | D        | Reached skill level 15 in Fighting
  3282 | D        | Noticed a daeva
  3324 | D        | Noticed a 12-headed hydra
  3326 | D        | Paralysed by a floating eye for 2 turns
  3330 | D        | Killed a 12-headed hydra
  3330 | D        | Reached skill level 17 in Axes
  3330 | D        | Reached skill level 15 in Shields
  3479 | D        | Killed an unseen horror
  3492 | D        | Slain by an unseen horror

Skill      XL: |  1  2  3  4  5  6  7  8  9 10 11 |
---------------+----------------------------------+-----
Fighting       | 5 7 8 9 11 12 13 14 15 | 15.5
Axes           | 3 4 6 10 12 14 16 17 | 17.1
Armour         | 5 6 8 11 13 14 15 | 15.4
Shields        | 5 6 8 10 12 13 14 15 | 15.3
Dodging        | 1 3 5 6 |  6.4
Stealth        | 1 2 3 |  3.2
Evocations     | |  0.5

Action                   |  1- 3 |  4- 6 |  7- 9 | 10-12 || total
-------------------------+-------+-------+-------+-------++-------
Melee: War axe           |    13 |    24 |    47 |   177 ||   261
       Headbutt          |     4 |     7 |    10 |    46 ||    67
Invok: Bribe Branch      |       |       |       |     1 ||     1
       Potion Petition   |       |       |       |     1 ||     1
Evoke: Lightning rod     |       |       |       |     2 ||     2
       Wand              |       |       |       |     1 ||     1
  Use: Potion            |       |     1 |     1 |     1 ||     3
       Scroll            |       |       |       |     1 ||     1
 Stab: Distracted        |       |       |     1 |     1 ||     2
  Eat: Ration            |       |       |     1 |     1 ||     2
Armor: Scale mail        |     6 |     7 |    14 |    57 ||    84
Dodge: Dodged            |     1 |     3 |    11 |    53 ||    68
Block: Shield            |     7 |    11 |    14 |    94 ||   126
